| 
	| TOP OF THE 1ST | 
|---|
 
		| Lexington Legends batting - Pitching for Charleston RiverDogs : RHP Khayyat bin Faruq |  
		| Pitching: RHP Khayyat bin Faruq |  |  
		| Batting: RHB Yi-lin Niu | 0-0: Foul Ball, location: 2F 0-1: Ball
 1-1: Ball
 2-1: Ball
 3-1: Base on Balls
 |  
		| Batting: LHB Edgar Ortiz | 0-0: Ball 1-0: Ball
 2-0: Ball
 3-0: Base on Balls
 Yi-lin Niu to second
 |  
		| Batting: RHB Chang-keun Baik | 0-0: DOUBLE  (Line Drive, 78D, EV 103.8 MPH) Yi-lin Niu scores
 Edgar Ortiz to third
 |  
		| Batting: RHB Pat McCoy | 0-0:  Fly out, F8  (Flyball, 8RD, EV 106.9 MPH) Runner from 3rd tags up, SCORES, no throw by CF
 |  
		| Batting: RHB Justin Goff | 0-0: Ball 1-0: Ball
 2-0: Ball
 3-0: Called Strike
 3-1: Base on Balls
 |  
		| Batting: RHB Nate De Jongh | 0-0: Ball 1-0: Ball
 2-0: Foul Ball, location: 2F
 2-1: Foul Ball, location: 2F
 2-2: Ball
 3-2: Base on Balls
 Chang-keun Baik to third
 Justin Goff to second
 |  
		| Batting: LHB Danny Pacheco | 0-0: Ball 1-0: Foul Ball, location: 2F
 1-1: Grounds into fielders choice 1-2 (Groundball, 13, EV 71.9 MPH)
 Justin Goff to third
 Nate De Jongh to second
 |  
		| Batting: RHB Vic Nelson | 0-0: Ball 1-0: Called Strike
 1-1: Ball
 2-1: Ball
 3-1: Called Strike
 3-2: Base on Balls
 Justin Goff scores
 Nate De Jongh to third
 Danny Pacheco to second
 |  
		| Batting: RHB Carlos Santoni | 0-0: Ball 1-0: Ball
 2-0: Ball
 3-0: Called Strike
 3-1: Base on Balls
 Nate De Jongh scores
 Danny Pacheco to third
 Vic Nelson to second
 |  
		| Batting: RHB Yi-lin Niu | 0-0: Ball 1-0: Ground out 1-3 (Groundball, P, EV 70.6 MPH)
 |  
		| Top of the 1st over - 4 runs, 1 hit, 0 errors, 3 left on base; Lexington 4 - Charleston 0 |  
	| BOTTOM OF THE 1ST | 
|---|
 
		| Charleston RiverDogs batting - Pitching for Lexington Legends : RHP Tony Jimenez |  
		| Pitching: RHP Tony Jimenez |  |  
		| Batting: RHB Jonathan Iniguez | 0-0: Ball 1-0: Ball
 2-0: Called Strike
 2-1: SINGLE  (Line Drive, 9S, EV 110.6 MPH)
 |  
		| Batting: LHB Justin O'Neal | 0-0: SINGLE  (Groundball, 56S, EV 68.1 MPH) (infield hit) Jonathan Iniguez to second
 |  
		| Batting: LHB Steve LeGrand | 0-0: Foul Ball, location: 2F 0-1: Fielders Choice at 2nd, 5-4 (Groundball, 5, EV 90.0 MPH)
 Jonathan Iniguez to third
 |  
		| Batting: RHB Mike Zern | 0-0: Ball 1-0: SINGLE  (Line Drive, 6M, EV 96.2 MPH)
 Jonathan Iniguez scores
 Steve LeGrand to second
 |  
		| Batting: LHB Jeremiah Walker | 0-0: Foul Ball, location: 2F 0-1: Called Strike
 0-2: SINGLE  (Groundball, 6MD, EV 100.6 MPH)
 Steve LeGrand to third
 Mike Zern to second
 Runner from 3rd tries for Home, SAFE, throw by CF to home
 |  
		| Batting: RHB Bill Nguyen-Tan | 0-0: Ball 1-0: SINGLE  (Line Drive, 78S, EV 105.6 MPH)
 Mike Zern to third
 Jeremiah Walker to second
 |  
		| Batting: RHB Iften Olujimi | 0-0: Called Strike 0-1: Swinging Strike
 0-2: Strikes out looking
 |  
		| Batting: RHB Gonçalo Burhil | 0-0:  Fly out, F3  (Popup, 3S, EV 81.9 MPH) |  
		| Bottom of the 1st over - 2 runs, 5 hits, 0 errors, 3 left on base; Lexington 4 - Charleston 2 |  
	| TOP OF THE 2ND | 
|---|
 
		| Lexington Legends batting - Pitching for Charleston RiverDogs : RHP Khayyat bin Faruq |  
		| Batting: LHB Edgar Ortiz | 0-0: Called Strike 0-1: Swinging Strike
 0-2: Ball
 1-2: Foul Ball, location: 2F
 1-2: Ball
 2-2: Strikes out looking
 |  
		| Batting: RHB Chang-keun Baik | 0-0: Called Strike 0-1: Foul Ball, location: 2F
 0-2: Ball
 1-2: Ball
 2-2: Ball
 3-2: Foul Ball, location: 2F
 3-2: Ground out 5-3 (Groundball, 56S, EV 85.6 MPH)
 |  
		| Batting: RHB Pat McCoy | 0-0: Swinging Strike 0-1: Foul Ball, location: 2F
 0-2: Foul Ball, location: 2F
 0-2: Ball
 1-2: Strikes out looking
 |  
		| Top of the 2nd over - 0 runs, 0 hits, 0 errors, 0 left on base; Lexington 4 - Charleston 2 |  
	| BOTTOM OF THE 2ND | 
|---|
 
		| Charleston RiverDogs batting - Pitching for Lexington Legends : RHP Tony Jimenez |  
		| Pitching: RHP Josh Rutledge |  |  
		| Batting: RHB Bobby White | 0-0: Swinging Strike 0-1: Called Strike
 0-2: Ball
 1-2: Strikes out swinging
 |  
		| Batting: RHB Jonathan Iniguez | 0-0: Called Strike 0-1: Ball
 1-1: Foul Ball, location: 2F
 1-2: Ground out 4-3 (Groundball, 13, EV 90.0 MPH)
 |  
		| Batting: LHB Justin O'Neal | 0-0:  Fly out, F3  (Line Drive, 3L, EV 69.4 MPH) |  
		| Bottom of the 2nd over - 0 runs, 0 hits, 0 errors, 0 left on base; Lexington 4 - Charleston 2 |  
	| TOP OF THE 3RD | 
|---|
 
		| Lexington Legends batting - Pitching for Charleston RiverDogs : RHP Khayyat bin Faruq |  
		| Batting: RHB Justin Goff | 0-0: Ball 1-0: Ball
 2-0: Called Strike
 2-1: SINGLE  (Groundball, 4MD, EV 105.0 MPH)
 |  
		| Batting: RHB Nate De Jongh | 0-0: Fielders Choice at 2nd, 5-4 (Groundball, 56, EV 105.6 MPH) |  
		| Batting: LHB Danny Pacheco | 0-0: SINGLE  (Groundball, 34S, EV 90.6 MPH) (infield hit) Nate De Jongh to second
 |  
		| Batting: RHB Vic Nelson | 0-0: Ground out U3 (Groundball, 34S, EV 70.0 MPH) Nate De Jongh to third
 Danny Pacheco to second
 |  
		| Batting: RHB Carlos Santoni | 0-0: Called Strike 0-1: SINGLE  (Groundball, 4MS, EV 63.1 MPH) (infield hit)
 Nate De Jongh scores
 Danny Pacheco to third
 |  
		| Pitching: RHP Mike Pickens |  |  
		| Batting: RHB Yi-lin Niu | 0-0: Ball 1-0: Ball
 2-0: Foul Ball, location: 2F
 2-1: Ball
 3-1: Fielders Choice at 2nd, 6-4 (Groundball, 6, EV 102.5 MPH)
 |  
		| Top of the 3rd over - 1 run, 3 hits, 0 errors, 2 left on base; Lexington 5 - Charleston 2 |  
	| BOTTOM OF THE 3RD | 
|---|
 
		| Charleston RiverDogs batting - Pitching for Lexington Legends : RHP Josh Rutledge |  
		| Batting: LHB Steve LeGrand | 0-0: Called Strike 0-1: Foul Ball, location: 2F
 0-2: Ball
 1-2: Foul Ball, location: 2F
 1-2: Foul Ball, location: 2F
 1-2: SINGLE  (Line Drive, 34D, EV 97.5 MPH)
 |  
		| Batting: RHB Mike Zern | 0-0: Ball 1-0: Called Strike
 Steve LeGrand is caught stealing 2nd base 2-4
 1-1: Ball
 2-1: Ball
 3-1: Called Strike
 3-2: Base on Balls
 |  
		| Pitching: LHP Butch Ott |  |  
		| Batting: LHB Jeremiah Walker | 0-0: SINGLE  (Line Drive, 7LS, EV 93.1 MPH) Mike Zern to second
 |  
		| Batting: RHB Bill Nguyen-Tan | 0-0: Ball 1-0: Ball
 2-0: Ball
 3-0: Called Strike
 3-1: Single, Error in OF, E8, batter to second base (Groundball, 4MD, EV 105.0 MPH)
 Mike Zern scores
 Jeremiah Walker to third
 |  
		| Batting: RHB Iften Olujimi | 0-0: Ball 1-0: Called Strike
 1-1: Ball
 2-1: Called Strike
 2-2: Ball
 3-2: Foul Ball, location: 2F
 3-2: Strikes out swinging
 |  
		| Batting: RHB Gonçalo Burhil | 0-0: Called Strike 0-1: Ground out 6-3 (Groundball, 56, EV 106.9 MPH)
 |  
		| Bottom of the 3rd over - 1 run, 3 hits, 1 error, 2 left on base; Lexington 5 - Charleston 3 |  
	| TOP OF THE 4TH | 
|---|
 
		| Lexington Legends batting - Pitching for Charleston RiverDogs : RHP Mike Pickens |  
		| Batting: LHB Edgar Ortiz | 0-0: Ball 1-0: Ball
 2-0: Ball
 3-0: Base on Balls
 |  
		| Batting: RHB Chang-keun Baik | 0-0: Called Strike 0-1: Ball
 1-1: Called Strike
 1-2: Strikes out swinging
 |  
		| Batting: RHB Pat McCoy | 0-0: Ball 1-0: Swinging Strike
 1-1: Ball
 2-1: Foul Ball, location: 2F
 2-2: Ball
 3-2: Strikes out looking
 |  
		| Batting: RHB Justin Goff | 0-0: Ball 1-0: Foul Ball, location: 2F
 1-1: Called Strike
 1-2: Ball
 2-2: Ball
 Edgar Ortiz steals 2nd base
 3-2: Base on Balls
 |  
		| Batting: RHB Nate De Jongh | 0-0: Ball 1-0: SINGLE  (Groundball, 25, EV 73.1 MPH) (infield hit)
 Edgar Ortiz to third
 Justin Goff to second
 |  
		| Batting: LHB Danny Pacheco | 0-0: Ball 1-0: Ball
 2-0: Ball
 3-0: Base on Balls
 Edgar Ortiz scores
 Justin Goff to third
 Nate De Jongh to second
 |  
		| Batting: RHB Vic Nelson | 0-0: Called Strike 0-1: Called Strike
 0-2: Fielders Choice at 2nd, 6-4 (Groundball, 6, EV 84.4 MPH)
 |  
		| Top of the 4th over - 1 run, 1 hit, 0 errors, 3 left on base; Lexington 6 - Charleston 3 |  
	| BOTTOM OF THE 4TH | 
|---|
 
		| Charleston RiverDogs batting - Pitching for Lexington Legends : LHP Butch Ott |  
		| Batting: RHB Bobby White | 0-0: Called Strike 0-1: Ball
 1-1: DOUBLE  (Flyball, 8RXD, EV 115.0 MPH)
 |  
		| Pitching: RHP Gary Ackerman |  |  
		| Batting: RHB Jonathan Iniguez | 0-0: Called Strike 0-1: Ground out 6-3 (Groundball, 6, EV 108.8 MPH)
 |  
		| Batting: LHB Justin O'Neal | 0-0: Ball 1-0: SINGLE  (Groundball, 6S, EV 61.9 MPH) (infield hit)
 Bobby White to third
 |  
		| Batting: LHB Steve LeGrand | 0-0: Called Strike Justin O'Neal steals 2nd base (no throw)
 0-1: Ball
 1-1: Foul Ball, location: 2F
 1-2: Foul Ball, location: 2F
 1-2: Strikes out looking
 |  
		| Pitching: RHP Nam Phong |  |  
		| Batting: RHB Mike Zern | 0-0: Ball 1-0: Ball
 2-0: Swinging Strike
 2-1: Ball
 3-1: Base on Balls
 |  
		| Batting: LHB Jeremiah Walker | 0-0: Ground out 4-3 (Groundball, 4, EV 88.8 MPH) |  
		| Bottom of the 4th over - 0 runs, 2 hits, 0 errors, 3 left on base; Lexington 6 - Charleston 3 |  
	| TOP OF THE 5TH | 
|---|
 
		| Lexington Legends batting - Pitching for Charleston RiverDogs : RHP Mike Pickens |  
		| Batting: RHB Carlos Santoni | 0-0: Called Strike 0-1: Ball
 1-1: Swinging Strike
 1-2: Ground out 6-3 (Groundball, 56, EV 87.5 MPH)
 |  
		| Batting: RHB Yi-lin Niu | 0-0: Ball 1-0: Ball
 2-0: Ground out 4-3 (Groundball, 4, EV 102.5 MPH)
 |  
		| Batting: LHB Edgar Ortiz | 0-0: Called Strike 0-1: Called Strike
 0-2: Ball
 1-2: Ball
 2-2: Ball
 3-2: Ground out 5-3 (Groundball, 56, EV 79.4 MPH)
 |  
		| Top of the 5th over - 0 runs, 0 hits, 0 errors, 0 left on base; Lexington 6 - Charleston 3 |  
	| BOTTOM OF THE 5TH | 
|---|
 
		| Charleston RiverDogs batting - Pitching for Lexington Legends : RHP Nam Phong |  
		| Batting: RHB Bill Nguyen-Tan | 0-0: Foul Ball, location: 2F 0-1: Ground out 6-3 (Groundball, 6, EV 108.8 MPH)
 |  
		| Batting: RHB Iften Olujimi | 0-0: Ball 1-0: Swinging Strike
 1-1: Called Strike
 1-2: Strikes out swinging
 |  
		| Batting: RHB Gonçalo Burhil | 0-0: Ball 1-0: Ball
 2-0: Ball
 3-0: Called Strike
 3-1: Called Strike
 3-2: SINGLE  (Flyball, 3D, EV 98.8 MPH)
 |  
		| Pitching: RHP Greg Sell |  |  
		| Batting: RHB Bobby White | 0-0: Foul Ball, location: 2F 0-1: Called Strike
 0-2: Strikes out swinging
 |  
		| Bottom of the 5th over - 0 runs, 1 hit, 0 errors, 1 left on base; Lexington 6 - Charleston 3 |  
	| TOP OF THE 6TH | 
|---|
 
		| Lexington Legends batting - Pitching for Charleston RiverDogs : RHP Mike Pickens |  
		| Batting: RHB Chang-keun Baik | 0-0: Called Strike 0-1: Ball
 1-1: Foul Ball, location: 2F
 1-2: Foul Ball, location: 2F
 1-2: Strikes out looking
 |  
		| Batting: RHB Pat McCoy | 0-0: Called Strike 0-1: Foul Ball, location: 2F
 0-2: Ball
 1-2: Ball
 2-2: SINGLE  (Line Drive, 78M, EV 106.9 MPH)
 |  
		| Pitching: LHP Ferrie Werkhoven |  |  
		| Batting: RHB Justin Goff | Balk! Pat McCoy to second
 0-0:  Fly out, F9  (Flyball, 9, EV 86.2 MPH)
 |  
		| Batting: RHB Nate De Jongh | 0-0: Intentional Walk |  
		| Batting: LHB Danny Pacheco | 0-0: Ball 1-0: Called Strike
 1-1: Foul Ball, location: 2F
 1-2: Ball
 2-2: Strikes out looking
 |  
		| Top of the 6th over - 0 runs, 1 hit, 0 errors, 2 left on base; Lexington 6 - Charleston 3 |  
	| BOTTOM OF THE 6TH | 
|---|
 
		| Charleston RiverDogs batting - Pitching for Lexington Legends : RHP Greg Sell |  
		| Batting: RHB Jonathan Iniguez | 0-0: Called Strike 0-1: Swinging Strike
 0-2: Ball
 1-2:  Fly out, F7  (Flyball, 78S, EV 84.4 MPH)
 |  
		| Batting: LHB Justin O'Neal | 0-0: Ball 1-0: Called Strike
 1-1: Ball
 2-1: SINGLE  (Groundball, 6D, EV 96.9 MPH)
 |  
		| Batting: LHB Steve LeGrand | 0-0: Called Strike Justin O'Neal steals 2nd, throwing error, E2
 Justin O'Neal to third
 0-1: Foul Ball, location: 2F
 0-2: Ball
 1-2: Strikes out swinging
 |  
		| Batting: RHB Mike Zern | 0-0: Ground out 4-3 (Groundball, 4, EV 90.0 MPH) |  
		| Bottom of the 6th over - 0 runs, 1 hit, 1 error, 1 left on base; Lexington 6 - Charleston 3 |  
	| TOP OF THE 7TH | 
|---|
 
		| Lexington Legends batting - Pitching for Charleston RiverDogs : LHP Ferrie Werkhoven |  
		| Batting: RHB Vic Nelson | 0-0: Ball 1-0: Ball
 2-0: Ball
 3-0: Called Strike
 3-1: Base on Balls
 |  
		| Batting: RHB Carlos Santoni | 0-0: Bunted foul 0-1: Bunt missed!
 0-2: Fielders Choice at 2nd, 5-4 (Groundball, 56, EV 104.4 MPH)
 |  
		| Batting: RHB Yi-lin Niu | 0-0: Ball 1-0: Ball
 2-0: Swinging Strike
 2-1: Called Strike
 2-2: Strikes out looking
 |  
		| Batting: LHB Edgar Ortiz | 0-0: Ball 1-0: Foul Ball, location: 2F
 1-1: Foul Ball, location: 2F
 1-2: Strikes out looking
 |  
		| Top of the 7th over - 0 runs, 0 hits, 0 errors, 1 left on base; Lexington 6 - Charleston 3 |  
	| BOTTOM OF THE 7TH | 
|---|
 
		| Charleston RiverDogs batting - Pitching for Lexington Legends : RHP Greg Sell |  
		| Pitching: LHP Tyler Abraham |  |  
		| Batting: LHB Jeremiah Walker | 0-0: Called Strike 0-1: Ball
 1-1: Ground out 3-1 (Groundball, 13, EV 85.0 MPH)
 |  
		| Batting: RHB Bill Nguyen-Tan | 0-0: Ball 1-0: Swinging Strike
 1-1:  Fly out, F9  (Flyball, 9LSF, EV 85.6 MPH)
 |  
		| Batting: RHB Iften Olujimi | 0-0: Foul Ball, location: 2F 0-1: Ball
 1-1: Ball
 2-1: Called Strike
 2-2:  Fly out, F3  (Popup, 23F, EV 85.6 MPH)
 |  
		| Bottom of the 7th over - 0 runs, 0 hits, 0 errors, 0 left on base; Lexington 6 - Charleston 3 |  
	| TOP OF THE 8TH | 
|---|
 
		| Lexington Legends batting - Pitching for Charleston RiverDogs : LHP Ferrie Werkhoven |  
		| Pitching: RHP Austin Trzcinski |  |  
		| Batting: RHB Chang-keun Baik | 0-0: Swinging Strike 0-1: Called Strike
 0-2: Hit by Pitch
 |  
		| Batting: RHB Pat McCoy | 0-0: Ball 1-0: Called Strike
 1-1: Ball
 Chang-keun Baik steals 2nd base
 2-1: Foul Ball, location: 2F
 2-2: SINGLE  (Line Drive, 56D, EV 95.6 MPH)
 Chang-keun Baik to third
 |  
		| Batting: RHB Justin Goff | 0-0: Ball 1-0: Ball
 2-0: Called Strike
 2-1: Foul Ball, location: 2F
 2-2: Strikes out looking
 |  
		| Batting: RHB Nate De Jongh | 0-0: Called Strike 0-1: Foul Ball, location: 2F
 0-2: Strikes out looking
 |  
		| Batting: LHB Danny Pacheco | 0-0: Called Strike 0-1: Ball
 1-1: SINGLE  (Line Drive, 56D, EV 102.5 MPH)
 Chang-keun Baik scores
 Pat McCoy to second
 |  
		| Batting: RHB Vic Nelson | 0-0: Ball 1-0: Fielders Choice at 2nd, 6-4 (Groundball, 6, EV 102.5 MPH)
 |  
		| Top of the 8th over - 1 run, 2 hits, 0 errors, 2 left on base; Lexington 7 - Charleston 3 |  
	| BOTTOM OF THE 8TH | 
|---|
 
		| Charleston RiverDogs batting - Pitching for Lexington Legends : LHP Tyler Abraham |  
		| Batting: RHB Gonçalo Burhil | 0-0: Swinging Strike 0-1: Swinging Strike
 0-2: Ball
 1-2: Ball
 2-2: SINGLE  (Flyball, 89S, EV 88.8 MPH)
 |  
		| Batting: RHB Bobby White | 0-0: Ball 1-0: Ball
 2-0: Foul Ball, location: 2F
 2-1: Ball
 3-1: Base on Balls
 Gonçalo Burhil to second
 |  
		| Pitching: RHP Kolenka Leschenya |  |  
		| Batting: RHB Jonathan Iniguez | 0-0: Ball 1-0: Ball
 2-0: Foul Ball, location: 2F
 2-1: Ball
 3-1: Foul Ball, location: 2F
 3-2: Foul Ball, location: 2F
 3-2: Base on Balls
 Gonçalo Burhil to third
 Bobby White to second
 |  
		| Batting: LHB Justin O'Neal | 0-0: Called Strike 0-1: Called Strike
 0-2: Foul Ball, location: 2F
 0-2: Ball
 1-2: Ball
 2-2: Ball
 3-2: Base on Balls
 Gonçalo Burhil scores
 Bobby White to third
 Jonathan Iniguez to second
 |  
		| Batting: LHB Steve LeGrand | 0-0: Foul Ball, location: 2F 0-1: Called Strike
 0-2: Foul Ball, location: 2F
 0-2: Strikes out swinging
 |  
		| Pitching: RHP Ryan Crump |  |  
		| Pinch Hitting: LHB Dale Anderson | 0-0: Called Strike 0-1: Swinging Strike
 0-2: Strikes out swinging
 |  
		| Batting: LHB Jeremiah Walker | 0-0: Called Strike 0-1: Ball
 1-1:  Fly out, F4  (Popup, 23, EV 86.9 MPH)
 |  
		| Bottom of the 8th over - 1 run, 1 hit, 0 errors, 3 left on base; Lexington 7 - Charleston 4 |  
	| TOP OF THE 9TH | 
|---|
 
		| Lexington Legends batting - Pitching for Charleston RiverDogs : RHP Austin Trzcinski |  
		| Pitching: RHP Michel van Kampen |  |  
		| Now at SS: Nate Singleton |  |  
		| Batting: RHB Carlos Santoni | 0-0: DOUBLE  (Line Drive, 89D, EV 108.8 MPH) |  
		| Batting: RHB Yi-lin Niu | 0-0: Ball 1-0: Swinging Strike
 1-1: Ball
 2-1: Ball
 3-1: Foul Ball, location: 2F
 3-2: SINGLE  (Groundball, 6S, EV 71.9 MPH) (infield hit)
 Carlos Santoni to third
 |  
		| Batting: LHB Edgar Ortiz | 0-0: Called Strike Yi-lin Niu steals 2nd base
 0-1: Ball
 1-1: Intentional Walk
 |  
		| Batting: RHB Chang-keun Baik | 0-0: Ball 1-0: Ball
 2-0: Foul Ball, location: 2F
 2-1: Ball
 3-1: SINGLE  (Flyball, 8RS, EV 96.2 MPH)
 Carlos Santoni scores
 Yi-lin Niu to third
 Edgar Ortiz to second
 |  
		| Batting: RHB Pat McCoy | 0-0: DOUBLE  (Line Drive, 8LXD, EV 105.0 MPH) Yi-lin Niu scores
 Edgar Ortiz scores
 Chang-keun Baik to third
 Runner from 3rd tries for Home, throw by CF and OUT! 8-6-2
 |  
		| Pitching: LHP Alex Pulido |  |  
		| Batting: RHB Justin Goff | 0-0: Ball 1-0: Swinging Strike
 1-1: Ground out 6-3 (Groundball, 6, EV 91.9 MPH)
 |  
		| Batting: RHB Nate De Jongh | 0-0: Called Strike 0-1: Ball
 1-1: Ball
 2-1: Called Strike
 2-2: Ground out 4-3 (Groundball, 4S, EV 88.8 MPH)
 |  
		| Top of the 9th over - 3 runs, 4 hits, 0 errors, 1 left on base; Lexington 10 - Charleston 4 |  
	| BOTTOM OF THE 9TH | 
|---|
 
		| Charleston RiverDogs batting - Pitching for Lexington Legends : RHP Ryan Crump |  
		| Batting: RHB Bill Nguyen-Tan | 0-0: Ball 1-0: SINGLE  (Line Drive, 9LS, EV 109.4 MPH)
 |  
		| Batting: RHB Iften Olujimi | 0-0: Foul Ball, location: 2F 0-1: Ball
 1-1:  Fly out, F7  (Flyball, 7D, EV 92.5 MPH)
 |  
		| Pinch Hitting: LHB Ernesto Abreu | 0-0: Ball 1-0:  2-RUN HOME RUN  (Flyball, 7D, EV 101.2 MPH), Distance : 404 ft
 |  
		| Pinch Hitting: SHB Corey Penson | 0-0: Called Strike 0-1:  Fly out, F8  (Line Drive, 8RM, EV 100.0 MPH)
 |  
		| Batting: RHB Jonathan Iniguez | 0-0: Ball 1-0: Swinging Strike
 1-1: Called Strike
 1-2: Ball
 2-2: Ball
 3-2: Base on Balls
 |  
		| Batting: LHB Justin O'Neal | 0-0: Foul Ball, location: 2F 0-1: Foul Ball, location: 2F
 0-2: Foul Ball, location: 2F
 0-2: Foul Ball, location: 2F
 0-2:  Fly out, F8  (Flyball, 78M, EV 90.0 MPH)
 |  
		| Bottom of the 9th over - 2 runs, 2 hits, 0 errors, 1 left on base; Lexington 10 - Charleston 6 |  |